 Dungeon Crawl Stone Soup version 0.30-b1-2-g02819fbbbe (webtiles) character file.

Game seed: 17531825415784234154

49 Mesmaeker13 the Shooter (level 3, -1/29 HPs)
             Began as a Barachi Hunter on July 31, 2023.
             Slain by Terence
             ... wielding a +0 short sword
              (3 damage)
             ... on level 2 of the Dungeon.
             The game lasted 00:01:32 (1063 turns).

Mesmaeker13 the Shooter (Barachi Hunter)            Turns: 1063, Time: 00:01:32

Health: -1/29      AC:  3    Str: 12    XL:     3   Next: 75%
Magic:  3/3        EV: 12    Int:  9    God:
Gold:   82         SH:  0    Dex: 17    Spells: 2/2 levels left

rFire   . . .        a - +0 shortbow
rCold   . . .        (shield currently unavailable)
rNeg    . . .        c - +0 leather armour
rPois   .            (no helmet)
rElec   .            (no cloak)
rCorr   .            (no gloves)
SInv    .            (no boots)
Will    .....        (no amulet)
Stlth   ++           (no ring)
HPRegen 0.24/turn    (no ring)
MPRegen 0.08/turn

%: no passive effects
@: unable to hop, slow
A: amphibious, slowness 1, strong legs 1, +LOS
a: Hop


You were on level 2 of the Dungeon.
You visited 1 branch of the dungeon, and saw 2 of its levels.

You collected 82 gold pieces.

Inventory:

Hand Weapons
 a - a +0 shortbow (weapon)
Armour
 c - a +0 leather armour (worn)
Jewellery
 m - a ring of ice
 p - a ring of wizardry
Scrolls
 b - a scroll of immolation
 d - a scroll of enchant armour {unknown}
 e - a scroll of brand weapon {unknown}
 f - 3 scrolls of identify {unknown}
 h - a scroll of fear {unknown}
 j - a scroll of acquirement {unknown}
 n - a scroll of teleportation {unknown}
Potions
 g - a potion of resistance {unknown}
 i - 3 potions of curing
 k - a potion of heal wounds {unknown}
 l - a potion of flight {unknown}
 o - a potion of brilliance {unknown}


   Skills:
 + Level 3.4 Fighting
 + Level 4.4 Ranged Weapons
 + Level 3.0 Dodging
 - Level 0.9 Stealth


You had 2 spell levels left.
You didn't know any spells.
Your spell library was empty.

Dungeon Overview and Level Annotations

Branches:
Dungeon (2/15)

Altars:

Annotations:
D:2 Terence


Innate Abilities, Weirdness & Mutations

You are amphibious.
You cover ground slowly.
You can hop short distances.
You have an extended range of vision and can be seen from far away.


Message History

Terence hits you with a +0 short sword.
You shoot an arrow. The arrow hits Terence!
Terence is heavily wounded.
Terence hits you with a +0 short sword.
It was a potion of curing.
You feel better. Terence hits you with a +0 short sword!
Your legs are too worn out to hop.
Unknown command.
Your legs are too worn out to hop.
Terence attacks as you move away! Terence hits you but does no damage.
Terence attacks as you move away! Terence barely misses you.
Terence hits you with a +0 short sword.
There is a stone staircase leading down here.
Terence closely misses you. Terence misses you.
You see here a ball python skeleton.
Terence attacks as you move away! Terence barely misses you.
Terence attacks as you move away! Terence hits you with a +0 short sword.
Terence barely misses you. Terence attacks as you move away!
Terence hits you with a +0 short sword. Terence hits you with a +0 short sword.
Terence attacks as you move away! Terence hits you with a +0 short sword.
* * * LOW HITPOINT WARNING * * *
There is an open door here.
Terence closely misses you. Terence attacks as you move away!
Terence barely misses you. Terence attacks as you move away!
Terence hits you with a +0 short sword.
* * * LOW HITPOINT WARNING * * *
Terence attacks as you move away! Terence barely misses you.
Terence hits you but does no damage. Terence attacks as you move away!
Terence barely misses you.
There is an open door here.
Terence attacks as you move away! Terence misses you.
Terence attacks as you move away! Terence hits you with a +0 short sword!
* * * LOW HITPOINT WARNING * * *
Terence closely misses you. Terence attacks as you move away!
Terence closely misses you. Terence attacks as you move away!
Terence barely misses you. Terence hits you with a +0 short sword.
You die...

....##..........##...............
....##.>........##..........#####
....##..........##..........#
###.##..........##..........#
#.###'###....###..........# #.#
#.# ####.##......<....# #.# #.#
#.##...........# #.###.#
###.##)..........# ###.....#
#...@@.########### .######.#
#.#.############### .# #.# #.#.#
#..........# .# #.#
#.#.####..........#
.######.####.#...##..........####
.............###..'..........'...
.##########.## ####..........####
.# #.## #....).....# ## #..#
#..........#


You could see Terence.

Vanquished Creatures
  2 adders (D:2)
  A worm (D:2)
  3 endoplasms (D:2)
  2 giant cockroaches
  2 goblins
  4 hobgoblins
  2 jackals (D:2)
  A kobold (D:2)
  A quokka (D:2)
  4 ball pythons
  2 frilled lizards (D:2)
  2 rats
26 creatures vanquished.

Notes
Turn   | Place    | Note
-------+----------+-------------------------------------------
     0 | D:1      | Mesmaeker13 the Barachi Hunter began the quest for the Orb.
     0 | D:1      | Reached XP level 1. HP: 17/17 MP: 1/1
    63 | D:1      | Found a faded altar of an unknown god.
   153 | D:1      | Reached XP level 2. HP: 23/23 MP: 2/2
   609 | D:2      | Reached XP level 3. HP: 18/29 MP: 3/3
  1012 | D:2      | Noticed Terence
  1058 | D:2      | HP: 1/29 [Terence/+0 short sword (7)]
  1063 | D:2      | Slain by Terence

Illustrated notes

Levels and vault maps discovered:
D:1:      lightli_arrival_statue_moat, layout_rooms,
          shapermc_ecumenical_altar_petra, eino_curves_01, nrook_mini_vaults,
          minmay_tree_intersection
D:2:      layout_basic, uniq_terence

Skill      XL: |  1  2  3 |
---------------+----------+-----
Fighting       | 3 |  3.4
Dodging        | 3 |  3.0
Ranged Weapons | |  4.4
Stealth        | |  0.9

Action                     || total
---------------------------++-------
   Fire: Shortbow          ||    75
Ability: Hop               ||     1
    Use: Potion            ||     1
 Armour: Leather armour    ||    12
  Dodge: Dodged            ||    39
